Match 39650953
Unlisted

Match 39650953
End
Panzergrenadier Squad
Selects Panzerjäger Kommand Battlegroup
Selects Blockade Equipment
Selects Mine Fields
Panzergrenadier Squad
250 Light Carrier
Construct Light Support Kompanie
Selects GrB 39 Grenade Launcher Requisition
2.5-tonne Medical Truck
Fire Support Elements
Panzergrenadier Squad
Pak 38 Anti-tank Gun Team
Flakvierling Half-track
Selects Defensive Positions
le.IG 18 Mechanized Group
Veteran Squad Leaders
Construct Panzerarmee Kommand
Walking Stuka Rocket Launcher
Emergency Repair Kits
Selects Crew Shock Tactics
Selects Butterfly Bomb Drop
Butterfly Bomb Drop
Flak 36 Anti-tank Gun Team
Panzer III L Medium Tank
Rapid Advance
Selects Elefant Tank Destroyer
Elefant Tank Destroyer
2.5-tonne Medical Truck
Assault Grenadier Squad
Kyanibo
Shine The Light
Koslaox
Tiffen Mad Griffen
SlyFox
TidaL
0
0

Comments sign in to comment!

No comments posted yet!